 Dungeon Crawl Stone Soup version 0.23.2-40-g277498a001 (webtiles) character file.

Game seed: 4419096117291743349

8125 Martska the Cleaver (level 11, -2/103 (104) HPs)
             Began as a Hill Orc Fighter on Oct 10, 2019.
             Was a High Priest of Okawaru.
             Slain by a killer bee (5 damage)
             ... while paralysed
             ... on level 10 of the Dungeon.
             The game lasted 00:31:41 (16900 turns).

Martska the Cleaver (Hill Orc Fighter)             Turns: 16900, Time: 00:31:41

HP:   -2/103 (104)  AC: 11    Str: 22    XL:     11   Next: 26%
MP:   11/11         EV:  2    Int:  8    God:    Okawaru [*****.]
Gold: 543           SH:  0    Dex: 11    Spells: 10/10 levels left

rFire    . . .     SeeInvis .   a - +0 war axe
rCold    + . .     Gourm    .   f - +0 buckler {rC+}
rNeg     . . .     Faith    .   b - +0 scale mail
rPois    .         Spirit   .   (no helmet)
rElec    .         Reflect  .   (no cloak)
rCorr    .         Harm     .   (no gloves)
MR       .....                  E - +2 pair of boots
Stlth    ..........             (no amulet)
HPRegen  0.27/turn              (no ring)
MPRegen  0.12/turn              (no ring)

@: paralysed, lethally poisoned (-2 -> -22), fainting
A: no striking features
a: Heroism, Finesse, Renounce Religion


You were on level 10 of the Dungeon.
You worshipped Okawaru.
Okawaru was extremely pleased with you.
You were fainting.

You visited 1 branch of the dungeon, and saw 11 of its levels.

You collected 565 gold pieces.
You spent 22 gold pieces at shops.

Inventory:

Hand Weapons
 a - a +0 war axe (weapon)
 q - a +0 battleaxe
 r - a cursed +4 great sword
 x - a +4 quarterstaff of chaos
Armour
 b - a +0 scale mail (worn)
 c - a +0 shield
 f - a +0 buckler of cold resistance (worn)
 y - a +2 cloak
 E - a +2 pair of boots (worn)
Jewellery
 G - an uncursed ring of ice {unknown}
 I - an uncursed ring of wizardry {unknown}
Wands
 o - a wand of random effects (11)
 v - a wand of flame (22)
 A - a wand of acid (7)
Scrolls
 e - 3 scrolls of identify
 i - 3 scrolls of remove curse
 k - a scroll of enchant armour {unknown}
 l - 2 scrolls of magic mapping
 m - a scroll of amnesia
 n - a scroll of random uselessness
 p - a scroll of teleportation
 t - a scroll of noise
 B - a scroll of immolation {unknown}
 D - a scroll of enchant weapon {unknown}
Potions
 d - a potion of might
 g - 2 potions of degeneration
 h - a potion of curing
 j - 2 potions of flight
 s - a potion of haste {unknown}
 u - a potion of heal wounds {unknown}
 w - 2 potions of cancellation {unknown}
 z - 2 potions of lignification {unknown}
 C - a potion of ambrosia {unknown}
 F - a potion of magic {unknown}
 J - a potion of mutation {unknown}
Miscellaneous
 H - a sack of spiders


   Skills:
 * Level 12.2 Fighting
 * Level 12.8 Axes
 + Level 8.3 Armour
 + Level 8.3 Shields


You had 10 spell levels left.
You didn't know any spells.
Your spell library contained the following spells:

 Spells                   Type           Power        Failure   Level  Hunger
 Sandblast                Erth           #.....       69%         1    ##.....
 Passwall                 Tmut/Erth      #.......     83%         2    ###....
 Stone Arrow              Conj/Erth      #.....       96%         3    ####...
 Petrify                  Tmut/Erth      #.......     100%        4    #####..
 Lee's Rapid Deconstruct  Erth           #.........   100%        5    ######.


Dungeon Overview and Level Annotations

Branches:
Dungeon (11/15)            Temple (0/1) D:5            Lair (0/6) D:9
    Orc: D:9-12

Altars:
Ashenzari
Cheibriados
Dithmenos
Elyvilon
Fedhas
Kikubaaqudgha
Makhleb
Nemelex Xobeh
Okawaru
Ru
Sif Muna
Xom
Yredelemnul
The Shining One

Shops:
D:4 ?:[   D:5 =   D:8 [

Annotations:
D:4 DenSaoPin's ghost, amateur MiFi


Message History

* * * LOW HITPOINT WARNING * * *
* * * LOW HITPOINT WARNING * * *
You feel very sick.
The killer bee stings you but does no damage. x2
* * * LOW HITPOINT WARNING * * *
You feel very sick. The killer bee stings you.
* * * LOW HITPOINT WARNING * * *
The killer bee stings you but does no damage.
* * * LOW HITPOINT WARNING * * *
You feel very sick.
The killer bee stings you but does no damage.
The killer bee stings you.
* * * LOW HITPOINT WARNING * * *
* * * LOW HITPOINT WARNING * * *
You feel sick. The killer bee barely misses you.
The killer bee stings you but does no damage.
* * * LOW HITPOINT WARNING * * *
You feel sick. The killer bee stings you.
You die...

###### ............ . #....#
............ ......#....#
............ ......#....#
#############'##.. .
....#....#...#..............#..
###...#....#...#.......#####..#..
..#...#....#...#.......# #..#..
..#...#....#...#y......# #..#..
..#...#...[#...#@†.....# #..#..
..#...#'####...#†.[....# #..#..
..#............#.......#####..#..
###............#..............#..
...............#.......<......#..
.....########..##########'#####..
.....# #....................
...<.# #..................).
.....# #....####+#.########.


You could see a killer bee.

Vanquished Creatures
  3 two-headed ogres
  A komodo dragon (D:9)
  2 trolls
  A hippogriff (D:8)
  3 wraiths (D:8)
  Eustachio (D:5)
  A steam dragon (D:10)
  An orc warrior (D:6)
  3 sky beasts
  An ice beast (D:8)
  3 necrophages
  2 phantoms
  A black bear (D:6)
  6 ogres
  5 centaurs
  Blork the orc (D:4)
  2 big kobolds
  3 bullfrogs
  4 scorpions
  16 killer bees
  A howler monkey (D:6)
  A wight (D:8)
  2 centaur zombies
  5 crimson imps
  2 jellies (D:5)
  5 orc priests
  7 human zombies (D:8)
  4 hounds
  5 orc wizards
  Crazy Yiuf (D:5)
  A bullfrog skeleton (D:7)
  Ijyb (D:3)
  3 worker ants
  A hound zombie (D:6)
  A hound skeleton (D:6)
  A worker ant zombie (D:7)
  3 gnolls (D:7)
  A howler monkey skeleton (D:8)
  8 adders
  3 shadow imps
  2 oozes
  An adder skeleton (D:8)
  2 adder zombies (D:6)
  6 worms
  3 dart slugs
  5 leopard geckos
  27 orcs
  5 giant cockroaches
  4 goblins
  11 hobgoblins
  15 jackals
  9 kobolds
  3 quokkas
  A ball python (D:3)
  14 bats
  7 frilled lizards
  A jackal skeleton (D:6)
  A quokka skeleton (D:6)
  10 rats
  3 plants (D:9)
246 creatures vanquished.

Vanquished Creatures (others)
  A fungus (D:4)
  3 plants
4 creatures vanquished.

Grand Total: 250 creatures vanquished

Notes
Turn   | Place    | Note
-------+----------+-------------------------------------------
     0 | D:1      | Martska the Hill Orc Fighter began the quest for the Orb.
     0 | D:1      | Reached XP level 1. HP: 19/19 MP: 1/1
    82 | D:1      | Reached XP level 2. HP: 24/27 MP: 2/2
   523 | D:1      | Reached XP level 3. HP: 29/33 MP: 3/3
  1088 | D:2      | Reached XP level 4. HP: 21/41 MP: 4/4
  1324 | D:2      | Found a glowing golden altar of the Shining One.
  1435 | D:2      | Found an iron altar of Okawaru.
  1520 | D:2      | Became a worshipper of Warmaster Okawaru
  1603 | D:2      | Found a basalt altar of Yredelemnul.
  2484 | D:3      | Noticed Ijyb
  2497 | D:3      | Killed Ijyb
  2497 | D:3      | Reached XP level 5. HP: 47/47 MP: 5/5
  2636 | D:3      | Found a deep blue altar of Sif Muna.
  2777 | D:3      | Reached skill level 5 in Fighting
  3701 | D:4      | Noticed Blork the orc
  3710 | D:4      | Killed Blork the orc
  3710 | D:4      | Reached skill level 5 in Axes
  3710 | D:4      | Reached XP level 6. HP: 22/56 MP: 6/6
  4270 | D:4      | Found Secap's Magic Scroll Emporium.
  4285 | D:4      | Bought a scroll of identify for 22 gold pieces
  4380 | D:4      | Found Moept's Book Emporium.
  4406 | D:4      | Found a runed translucent gate.
  4407 | D:4      | Noticed DenSaoPin's ghost (amateur MiFi)
  4408 | D:4      | Found a runed translucent gate.
  4409 | D:4      | Found a runed translucent gate.
  4757 | D:4      | Found a snail-covered altar of Cheibriados.
  4759 | D:4      | Found Hinugezuet's Armour Emporium.
  5388 | D:5      | Entered Level 5 of the Dungeon
  5438 | D:5      | Reached XP level 7. HP: 35/63 MP: 7/7
  5599 | D:5      | Reached * piety under Okawaru
  5620 | D:5      | Found a staircase to the Ecumenical Temple.
  5863 | D:5      | Found Jinnel's Jewellery Boutique.
  5871 | D:5      | Reached skill level 5 in Shields
  5877 | D:5      | Reached skill level 5 in Armour
  5877 | D:5      | Reached XP level 8. HP: 56/73 MP: 8/8
  5908 | D:5      | Noticed Eustachio
  5917 | D:5      | Killed Eustachio
  6196 | D:5      | Reached ** piety under Okawaru
  6550 | D:5      | Found a runed translucent door.
  6551 | D:5      | Noticed Crazy Yiuf
  7005 | D:5      | Killed Crazy Yiuf
  7662 | D:6      | Found a blossoming altar of Fedhas.
  7676 | D:6      | Found a shattered altar of Ashenzari.
  7766 | D:6      | Reached XP level 9. HP: 49/82 MP: 9/9
  8172 | D:6      | Noticed a two-headed ogre
  8183 | D:6      | Killed a two-headed ogre
  8183 | D:6      | Reached *** piety under Okawaru
  8721 | D:6      | Reached skill level 10 in Axes
  9931 | D:7      | Reached skill level 10 in Fighting
 10555 | D:7      | Found a shadowy altar of Dithmenos.
 10566 | D:7      | Reached XP level 10. HP: 93/93 MP: 10/10
 10756 | D:8      | Found a sparkling altar of Nemelex Xobeh.
 10805 | D:8      | Reached **** piety under Okawaru
 10901 | D:8      | Noticed a two-headed ogre
 11605 | D:8      | Killed a two-headed ogre
 11879 | D:8      | Found Atwy's Armour Boutique.
 11930 | D:8      | HP: 4/94 [killer bee (3)]
 11936 | D:8      | HP: 3/94 [poisoned by a killer bee]
 11941 | D:8      | HP: 3/94 [poisoned by a killer bee]
 11949 | D:8      | HP: 3/94 [poisoned by a killer bee]
 14020 | D:8      | Found an ancient bone altar of Kikubaaqudgha.
 14727 | D:9      | Reached ***** piety under Okawaru
 14961 | D:9      | Noticed a two-headed ogre
 14968 | D:9      | Killed a two-headed ogre
 14968 | D:9      | Received a gift from Okawaru
 14968 | D:9      | Reached XP level 11. HP: 81/103 MP: 11/11
 15214 | D:9      | Found a sacrificial altar of Ru.
 15259 | D:9      | Found a white marble altar of Elyvilon.
 15715 | D:9      | Found a sparkling altar of Nemelex Xobeh.
 15761 | D:9      | Found a shimmering altar of Xom.
 15771 | D:9      | Found a burning altar of Makhleb.
 15822 | D:9      | Found a staircase to the Lair.
 16311 | D:10     | Entered Level 10 of the Dungeon
 16868 | D:11     | Noticed a green ugly thing
 16894 | D:10     | Paralysed by fainting for 10 turns
 16899 | D:10     | HP: 5/103 [poisoned by a killer bee]
 16900 | D:10     | Slain by a killer bee

Skill      XL: |  1  2  3  4  5  6  7  8  9 10 11 |
---------------+----------------------------------+-----
Axes           | 3 4 5 6 7 8 10 12 | 12.8
Fighting       | 4 5 6 7 8 10 11 12 | 12.2
Shields        | 4 5 6 8 |  8.3
Armour         | 4 5 6 8 |  8.3

Action                   |  1- 3 |  4- 6 |  7- 9 | 10-12 || total
-------------------------+-------+-------+-------+-------++-------
Melee: War axe           |   103 |   207 |   323 |   404 ||  1037
Invok: Heroism           |       |       |     3 |     1 ||     4
Evoke: Wand              |       |       |       |     5 ||     5
  Use: Scroll            |       |    12 |     2 |     4 ||    18
       Potion            |       |       |       |     2 ||     2
  Eat: Ration            |     1 |     3 |     5 |     3 ||    12
       Chunk             |       |     1 |     2 |     5 ||     8
Armor: Scale mail        |    55 |   100 |   127 |   137 ||   419
Dodge: Dodged            |    46 |    73 |   104 |   100 ||   323
Block: Shield            |    72 |   134 |   204 |   124 ||   534
       Buckler           |       |       |       |    30 ||    30
